 Dungeon Crawl Stone Soup version 0.26.1-11-gd32895ea62 (webtiles) character file.

Game seed: 15918746263543222686

33386 Revguard the Blocker (level 13, -22/82 HPs)
             Began as a Gargoyle Fighter on July 13, 2021.
             Was an Elder of Qazlal.
             Killed from afar by Azrael (27 damage)
             ... with damnation
             ... on level 13 of the Dungeon.
             The game lasted 00:43:20 (11882 turns).

Revguard the Blocker (Gargoyle Fighter)            Turns: 11882, Time: 00:43:21

Health: -22/82     AC: 26    Str: 26    XL:     13   Next: 70%
Magic:  12/19      EV: 14    Int: 10    God:    Qazlal [****..]
Gold:   511        SH: 18    Dex: 13    Spells: 12/12 levels left

rFire    + . .     SeeInvis .   a - +1 war axe (drain)
rCold    . . .     Faith    .   c - +0 kite shield
rNeg     + . .     Spirit   .   z - +2 ring mail of Stained Beauty {Regen+}
rPois    ∞         Reflect  .   (no helmet)
rElec    +         Harm     .   m - +0 cloak
rCorr    .         Rampage  .   q - +0 pair of gloves
Will     .....                  e - +0 pair of boots
Stlth    +.........             n - amulet of the acrobat
HPRegen  0.63/turn              v - ring of protection from fire
MPRegen  0.16/turn              s - +6 ring of strength

@: protected from physical damage, repel missiles
A: hooves 1, mutation resistance 1, negative energy resistance 1, electricity
resistance, unbreathing, petrification resistance, miasma immunity, AC +9
a: Renounce Religion, Upheaval, Elemental Force


You were on level 13 of the Dungeon.
You worshipped Qazlal.
Qazlal was greatly pleased with you.
You visited 1 branch of the dungeon, and saw 13 of its levels.

You collected 742 gold pieces.
You spent 231 gold pieces at shops.

Inventory:

Hand Weapons
 a - a +1 war axe of draining (weapon)
 p - a +1 vorpal flail
Missiles
 j - 4 silver javelins (quivered)
Armour
 c - a +0 kite shield (worn)
 e - a +0 pair of boots (worn)
 m - a +0 cloak (worn)
 q - a +0 pair of gloves (worn)
 z - the +2 ring mail of Stained Beauty (worn) {Regen+}
   (You found it on level 8 of the Dungeon)

   It increases your rate of regeneration.
Jewellery
 g - an uncursed ring of flight
 n - an amulet of the acrobat (around neck)
 s - a +6 ring of strength (right hand)
 v - a ring of protection from fire (left hand)
 F - an uncursed ring of positive energy
Wands
 f - a wand of iceblast (17)
 w - a wand of disintegration (26)
 y - a wand of paralysis (6)
 B - a wand of enslavement (9)
Scrolls
 h - a scroll of fear
 i - a scroll of fog
 o - 3 scrolls of remove curse
 r - 2 scrolls of teleportation
 u - 3 scrolls of magic mapping
 x - 2 scrolls of amnesia
 E - a scroll of holy word
Potions
 b - a potion of brilliance
 k - 4 potions of curing
 A - 2 potions of invisibility


   Skills:
 + Level 10.2 Fighting
 + Level 8.2 Axes
 + Level 10.2 Armour
 + Level 7.4 Dodging
 - Level 4.1 Stealth
 + Level 10.2 Shields
 + Level 9.2 Invocations
 + Level 7.8 Evocations


You had 12 spell levels left.
You didn't know any spells.
Your spell library contained the following spells:

 Spells                   Type           Power        Failure   Level
 Summon Small Mammal      Summ           0%           67%         1
 Call Imp                 Summ           0%           82%         2
 Call Canine Familiar     Summ           0%           96%         3
 Summon Guardian Golem    Hex/Summ       0%           96%         3
 Summon Ice Beast         Ice/Summ       0%           100%        4
 Summon Lightning Spire   Summ/Air       0%           100%        4
 Chain Lightning          Conj/Air       0%           100%        8
 Lehudib's Crystal Spear  Conj/Erth      0%           100%        8
 Absolute Zero            Ice            0%           100%        9
 Fire Storm               Conj/Fire      0%           100%        9


Dungeon Overview and Level Annotations

Branches:
Dungeon (13/15)            Temple (0/1) D:6            Lair (0/6) D:10
    Orc (0/2) D:11
 Vaults: D:13-14

Altars:
Dithmenos
Elyvilon
Fedhas
Kikubaaqudgha
Nemelex Xobeh
Qazlal
The Shining One
Beogh

Shops:
D:5 }   D:10 (*

Annotations:
D:7 2 transporters, kthxbai's ghost, novice DEEE
D:13 Azrael


Innate Abilities, Weirdness & Mutations

You are resistant to torment.
Your stone body is resilient. (AC +9)
You are immune to poison.
You resist negative energy. (rN+)
You are resistant to electric shocks. (rElec)
You can survive without breathing.
You are immune to petrification.
You are immune to miasma.
You have large cloven feet.
You are somewhat resistant to further mutation.


Message History

The blast of flame hits you. You resist.
* * * LOW HITPOINT WARNING * * *
Nature churns violently around you!
The blast of rubble hits Azrael!!
Azrael is almost dead.
The blast of rubble hits the hell hound!!
You kill the hell hound!
Qazlal accepts your kill.
You can no longer call upon nature's wrath in a wide area around you.
The orc warrior throws a stone.
You block the stone.
You hit Azrael.
Azrael is almost dead.
You hear an angry hiss.
Azrael gestures at you. The bolt of fire hits you!! You resist.
* * * LOW HITPOINT WARNING * * *
The orc warrior throws a stone.
You block the stone. Azrael gestures at you.
The sphere of damnation explodes!
The damnation engulfs you!!
You die...

....# #.....[...).... ..
.....##....†.)/...)[†
#.###....###.)..###'###.
#..##........$##..#..##
#..##.......##..# #..#
#!.####'####.#. .#.
#..#.☼|..#. . .
#.#))#..#.#. .#
#@!)..o'# #R#☼#.#.#.#
#.°#)[.!.#...
#.)####'### .#. #..# .#
. #†.# .. #'## .## .#


You could see Azrael and an orc warrior.

Vanquished Creatures
  Josephine (D:13)
  2 boulder beetles (D:13)
  7 vault guards (D:13)
  5 centaur warriors (D:13)
  Erica (D:9)
  3 two-headed ogres
  2 unseen horrors
  2 ugly things (D:13)
  A manticore (D:7)
  A cyclops (D:13)
  A gargoyle (D:13)
  The ghost of kthxbai the Merchant of Misery, a novice HuNe of Kikubaaqudgha (D:5)
  A harpy zombie (D:11)
  4 trolls
  3 meliai (D:13)
  Grinder (D:3)
  A hornet (D:11)
  A shadow (D:12)
  10 wraiths
  A fire elemental (D:13)
  3 vampire mosquitoes (D:13)
  An acid dragon (D:13)
  11 orc warriors
  3 hell hounds (D:13)
  Purgy (D:3)
  4 ice beasts
  6 phantoms
  5 sky beasts
  An eye of draining (D:10)
  3 necrophages
  8 ogres
  4 black bears
  24 centaurs
  4 big kobolds
  An elf zombie (D:11)
  11 bullfrogs
  2 wyvern zombies
  4 scorpions
  7 killer bees
  10 wights
  An electric eel (D:11)
  3 howler monkeys (D:10)
  A bullfrog zombie (D:8)
  A centaur zombie (D:8)
  10 hounds
  A quasit (D:10)
  2 human zombies (D:11)
  15 orc priests
  Crazy Yiuf (D:3)
  2 centaur skeletons
  3 jellies
  25 orc wizards
  3 iguanas
  Jessica (D:3)
  2 bullfrog skeletons
  A human skeleton (D:11)
  15 worker ants
  An ogre skeleton (D:11)
  A hound zombie (D:5)
  A hound skeleton (D:5)
  A mummy (D:11)
  A worker ant zombie (D:6)
  16 adders
  4 white imps
  5 ufetubi
  An adder skeleton (D:9)
  A worm (D:2)
  12 dart slugs
  12 leopard geckos
  91 orcs
  9 bats
  4 giant cockroaches
  5 goblins
  8 hobgoblins
  10 jackals
  25 kobolds
  6 quokkas
  A frilled lizard (D:1)
  3 leopard gecko skeletons
  2 quokka skeletons
  A quokka zombie (D:8)
  5 rats
475 creatures vanquished.

Vanquished Creatures (collateral kills)
  A hydra (D:12)
  Sonja (D:11)
  An unseen horror (D:11)
  A centaur zombie (D:12)
  A troll (D:11)
  An ice beast (D:11)
  An electric eel (D:11)
7 creatures vanquished.

Vanquished Creatures (others)
  A quasit (D:10)
  9 fungi
  18 plants
28 creatures vanquished.

Grand Total: 510 creatures vanquished

Notes
Turn   | Place    | Note
-------+----------+-------------------------------------------
     0 | D:1      | Revguard the Gargoyle Fighter began the quest for the Orb.
     0 | D:1      | Reached XP level 1. HP: 14/14 MP: 1/1
    83 | D:1      | Reached XP level 2. HP: 17/19 MP: 2/2
   737 | D:2      | Reached XP level 3. HP: 23/23 MP: 3/3
   743 | D:2      | Found a stormy altar of Qazlal.
   955 | D:2      | Became a worshipper of Qazlal Stormbringer
  1144 | D:2      | Reached skill level 1 in Dodging
  1147 | D:2      | Reached XP level 4. HP: 29/29 MP: 4/4
  1810 | D:3      | Noticed Grinder
  1811 | D:3      | Paralysed by Grinder for 6 turns
  1834 | D:3      | Killed Grinder
  1835 | D:3      | Reached skill level 1 in Invocations
  1835 | D:3      | Reached skill level 1 in Evocations
  1835 | D:3      | Reached XP level 5. HP: 24/33 MP: 4/6
  1835 | D:3      | Reached XP level 6. HP: 28/38 MP: 4/7
  2004 | D:3      | Noticed Purgy
  2035 | D:3      | Killed Purgy
  2120 | D:3      | Found a sparkling altar of Nemelex Xobeh.
  2138 | D:3      | Found a runed translucent door.
  2139 | D:3      | Noticed Crazy Yiuf
  2151 | D:3      | Killed Crazy Yiuf
  2193 | D:3      | Found an ancient bone altar of Kikubaaqudgha.
  2200 | D:3      | Found a white marble altar of Elyvilon.
  2287 | D:3      | Noticed Jessica
  2298 | D:3      | Killed Jessica
  2299 | D:3      | Reached XP level 7. HP: 43/44 MP: 8/8
  2403 | D:3      | Found a shadowy altar of Dithmenos.
  2442 | D:3      | Found a blossoming altar of Fedhas.
  2448 | D:3      | Found a stormy altar of Qazlal.
  2456 | D:3      | Reached * piety under Qazlal
  3045 | D:4      | Reached ** piety under Qazlal
  3154 | D:4      | Reached skill level 5 in Fighting
  3154 | D:4      | Reached skill level 5 in Armour
  3154 | D:4      | Reached skill level 5 in Shields
  3154 | D:4      | Reached XP level 8. HP: 12/49 MP: 5/10
  3541 | D:4      | Found a glowing golden altar of the Shining One.
  4070 | D:5      | Entered Level 5 of the Dungeon
  4352 | D:5      | Found Jag Uhas's Gadget Emporium.
  4355 | D:5      | Bought a wand of iceblast (4) for 88 gold pieces
  4355 | D:5      | Bought a wand of iceblast (9) for 143 gold pieces
  4387 | D:5      | Found a transporter.
  4391 | D:5      | Found a transporter.
  4393 | D:5      | Noticed kthxbai's ghost (novice HuNe)
  4804 | D:5      | Reached XP level 9. HP: 43/55 MP: 10/12
  4819 | D:5      | Killed kthxbai's ghost
  5099 | D:6      | Found a staircase to the Ecumenical Temple.
  5149 | D:6      | Noticed a two-headed ogre
  5218 | D:6      | Killed a two-headed ogre
  5495 | D:6      | Reached skill level 5 in Axes
  5495 | D:6      | Reached skill level 5 in Invocations
  5670 | D:7      | Noticed a four-headed hydra
  5673 | D:7      | Noticed kthxbai's ghost (novice DEEE)
  5719 | D:7      | Reached *** piety under Qazlal
  5720 | D:7      | Reached XP level 10. HP: 61/61 MP: 13/13
  5946 | D:7      | Noticed a manticore
  5963 | D:7      | Killed a manticore
  5966 | D:7      | Found a transporter.
  6217 | D:7      | Found a transporter.
  6846 | D:8      | Found a shadowy altar of Dithmenos.
  6894 | D:8      | Got a masterwork ring mail
  6905 | D:8      | Identified the +2 ring mail of Stained Beauty {Regen+} (You
                  | found it on level 8 of the Dungeon)
  7729 | D:9      | Reached **** piety under Qazlal
  7742 | D:9      | Found a blossoming altar of Fedhas.
  7797 | D:9      | Noticed Erica
  7811 | D:9      | Killed Erica
  7812 | D:9      | Reached skill level 1 in Stealth
  7904 | D:9      | Reached skill level 5 in Evocations
  7973 | D:9      | Noticed a skeletal warrior
  7975 | D:9      | Noticed a death knight
  7975 | D:9      | Noticed a skeletal warrior
  8514 | D:9      | Reached skill level 5 in Dodging
  8546 | D:9      | Found a roughly hewn altar of Beogh.
  8611 | D:10     | Entered Level 10 of the Dungeon
  8665 | D:10     | Noticed a two-headed ogre
  8683 | D:10     | Killed a two-headed ogre
  8684 | D:10     | Reached XP level 11. HP: 68/68 MP: 15/15
  8763 | D:10     | Found Wiovej's Weapon Shoppe.
  8794 | D:10     | Found Eplier's Elemental Accessories.
  8945 | D:10     | Reached ***** piety under Qazlal
  9446 | D:10     | Found a staircase to the Lair.
  9667 | D:11     | Killed an unseen horror
  9874 | D:11     | Found a staircase to the Orcish Mines.
  9898 | D:11     | Noticed Sonja
  9911 | D:11     | Killed Sonja
 10451 | D:11     | Reached XP level 12. HP: 75/75 MP: 17/17
 10501 | D:11     | Found an ancient bone altar of Kikubaaqudgha.
 10726 | D:12     | Noticed a six-headed hydra
 10735 | D:12     | Killed a six-headed hydra
 10911 | D:12     | Noticed a two-headed ogre
 10921 | D:12     | Killed a two-headed ogre
 11517 | D:12     | Gained mutation: You are somewhat resistant to further
                  | mutation. [potion of mutation]
 11517 | D:12     | Gained mutation: You have large cloven feet. [potion of
                  | mutation]
 11566 | D:13     | Noticed a centaur warrior
 11569 | D:13     | Noticed a centaur warrior
 11582 | D:13     | Killed a centaur warrior
 11583 | D:13     | Killed a centaur warrior
 11624 | D:13     | Noticed a centaur warrior
 11625 | D:13     | Noticed Josephine
 11639 | D:13     | Killed a centaur warrior
 11653 | D:13     | Noticed a centaur warrior
 11666 | D:13     | Killed Josephine
 11667 | D:13     | Reached XP level 13. HP: 31/80 MP: 15/19
 11788 | D:13     | Identified the +3 ring mail "Ynavezac" {+Inv Will+ Int+6}
 11794 | D:13     | Noticed a vault guard
 11799 | D:13     | Reached skill level 10 in Shields
 11803 | D:13     | Noticed a vault guard
 11807 | D:13     | Noticed a vault guard
 11822 | D:13     | Killed a vault guard
 11823 | D:13     | Reached skill level 10 in Fighting
 11829 | D:13     | Noticed a vault guard
 11831 | D:13     | Killed a vault guard
 11832 | D:13     | Reached skill level 10 in Armour
 11833 | D:13     | Killed a vault guard
 11833 | D:13     | Noticed a vault guard
 11834 | D:13     | Noticed a vault guard
 11839 | D:13     | Noticed Azrael
 11850 | D:13     | Noticed a vault guard
 11864 | D:13     | Killed a vault guard
 11867 | D:13     | Killed a vault guard
 11871 | D:13     | Killed a vault guard
 11879 | D:13     | Killed a vault guard
 11882 | D:13     | Killed from afar by Azrael

Illustrated notes

Levels and vault maps discovered:
D:1:      saegor_arrival_simple_b, layout_loops_ring
D:2:      layout_loops_cross, grunt_qazlal_sundering
D:3:      kennysheep_slugbush, layout_basic,
          grunt_temple_overflow_forces_of_nature, minitemple,
          minmay_strange_pillars, minmay_three_crescents, uniq_purgy,
          uniq_grinder, uniq_crazy_yiuf_cottage, uniq_jessica
D:4:      layout_layer_cave, tso_metal_star
D:5:      minmay_diamond_boxcup, layout_rooms, serial_shops,
          nicolae_shop_behind_doors, gammafunk_ghost_hive
D:6:      layout_rooms, minmay_temple_entry_enclosed_plants
D:7:      layout_loops_ring, gammafunk_ghost_arena, minmay_starry_boxes
D:8:      layout_layer_cave, basic_altar
D:9:      layout_roguey, special_room [special_room_orc], basic_altar,
          uniq_erica
D:10:     layout_cave_pods, grunt_lair_entry_orc_guard_hut, serial_shops, shop,
          nicolae_elemental_shop
D:11:     layout_roguey, erik_orc_2, enter_bailey_1,
          lemuel_mausoleum_altar_kikubaaqudgha, uniq_sonja
D:12:     layout_long_grid
D:13:     minmay_the_grid_octo_tiled_octocenter
          [minmay_the_grid_octo_thin_diamonds, minmay_the_grid_octo_checkered,
          minmay_the_grid_octo_fat_diamond, minmay_the_grid_octo_focus,
          minmay_the_grid_octo_prize_square_snowflake,
          minmay_the_grid_square_5x5_comb, minmay_the_grid_square_5x5_bridge,
          minmay_the_grid_square_5x5_three_walls,
          minmay_the_grid_square_5x5_meh], layout_basic, erik_vaults_2,
          uniq_josephine, uniq_azrael

Skill      XL: |  1  2  3  4  5  6  7  8  9 10 11 12 13 |
---------------+----------------------------------------+-----
Axes           | 2 3 4 5 6 7 8 |  8.2
Dodging        | 1 2 3 4 5 6 7 |  7.4
Fighting       | 4 5 6 7 8 9 10 | 10.2
Armour         | 4 5 6 7 8 9 10 | 10.2
Shields        | 4 5 6 7 8 9 10 | 10.2
Invocations    | 1 2 4 5 6 7 8 9 |  9.2
Evocations     | 1 2 3 4 5 6 7 |  7.8
Stealth        | 2 4 |  4.1

Action                   |  1- 3 |  4- 6 |  7- 9 | 10-12 | 13-15 || total
-------------------------+-------+-------+-------+-------+-------++-------
Melee: War axe           |    78 |   100 |   357 |   939 |   167 ||  1641
Throw: Javelin           |       |     1 |       |       |       ||     1
Invok: Upheaval          |       |       |     2 |     1 |       ||     3
       Elemental Force   |       |       |       |     4 |       ||     4
       Disaster Area     |       |       |       |     2 |     3 ||     5
Evoke: Wand              |       |     5 |     9 |     2 |       ||    16
  Use: Scroll            |     3 |     3 |     8 |    12 |       ||    26
       Potion            |     1 |       |     6 |     7 |     1 ||    15
Armor: Scale mail        |    43 |       |       |       |       ||    43
       Plate armour      |     3 |   130 |       |       |       ||   133
       Troll leather arm |       |     9 |   172 |    64 |       ||   245
       Skin              |       |     1 |       |       |       ||     1
       Ring mail         |       |       |       |   312 |    42 ||   354
Dodge: Dodged            |    34 |    36 |   175 |   459 |    47 ||   751
       Repelled          |       |       |       |     2 |     1 ||     3
Block: Kite shield       |    66 |    98 |   319 |   987 |   146 ||  1616
